 Dungeon Crawl Stone Soup version 0.25-a0-341-g6f074c887a (webtiles) character file.

Game seed: 16508869856634300391, levelgen mode: deterministic

2206 Lanoc the Slinger (level 9, -6/58 HPs)
             Began as a Halfling Arcane Marksman on Dec 30, 2019.
             Was an Initiate of Gozag.
             Killed by divine providence
             ... invoked by an orc priest
              (13 damage)
             ... on level 7 of the Dungeon.
             The game lasted 00:14:32 (6569 turns).

Lanoc the Slinger (Halfling Arcane Marksman)        Turns: 6569, Time: 00:14:33

Health: -6/58      AC: 10    Str:  5 (6)  XL:     9   Next: 60%
Magic:  14/14      EV: 25    Int: 15 (16) God:    Gozag
Gold:   1101       SH:  0    Dex: 28      Spells: 10/14 levels left

rFire    + + +     SeeInvis .   b - +7 falchion of Dithmenos's Whim {vamp, rF+ Int+4}
rCold    . . .     Gourm    .   (shield restricted)
rNeg     + . .     Faith    .   F - +2 robe "Buepp" {rPois rF+++ rN+ Str-5}
rPois    +         Spirit   .   (helmet restricted)
rElec    .         Reflect  .   g - +0 cloak
rCorr    .         Harm     .   (no gloves)
MR       .....                  (no boots)
Stlth    +++.......             C - amulet of rage
HPRegen  0.19/turn              w - +3 ring of protection
MPRegen  0.14/turn              m - +6 ring of dexterity

@: agile, flying, very slightly contaminated, hasted, invisible, very quick
A: small, horns 1, slimy green scales 1, mutation resistance 1
a: Potion Petition, Call Merchant, Bribe Branch, Renounce Religion, Evoke
Berserk Rage


You were on level 7 of the Dungeon.
You worshipped Gozag.
Gozag was most pleased with you.
You were not hungry.

You visited 2 branches of the dungeon, and saw 8 of its levels.

You collected 1101 gold pieces.

Inventory:

Hand Weapons
 a - a +0 hunting sling
 b - the +7 falchion of Dithmenos's Whim (weapon) {vamp, rF+ Int+4}
   (You found it on level 4 of the Dungeon)

   It inflicts no extra harm, but heals its wielder when it wounds a living foe.
   It affects your intelligence (+4).
   It protects you from fire.
Missiles
 c - 63 bolts
 d - 10 sling bullets
 j - 78 stones (quivered)
 H - 3 atropa-tipped darts
Armour
 g - a +0 cloak (worn)
 F - the +2 robe "Buepp" (worn) {rPois rF+++ rN+ Str-5}
   (You found it on level 6 of the Dungeon)

   It affects your strength (-5).
   It renders you almost immune to fire.
   It protects you from poison.
   It protects you from negative energy.
Jewellery
 k - an uncursed ring of poison resistance
 m - a +6 ring of dexterity (right hand)
 t - an uncursed ring of resist corrosion
 w - a +3 ring of protection (left hand)
 B - an uncursed ring of protection from magic
 C - an amulet of rage (around neck)
Wands
 r - a wand of flame (10)
 x - a wand of paralysis (9)
 G - a wand of clouds (4)
Scrolls
 h - 2 scrolls of enchant weapon
 l - 6 scrolls of identify
 p - 3 scrolls of immolation
 q - a scroll of fear
 s - a scroll of fog
 y - 2 scrolls of magic mapping
 z - 2 scrolls of teleportation
 A - 2 scrolls of remove curse
 E - a scroll of amnesia
Potions
 e - a potion of agility {unknown}
 D - a potion of curing
Comestibles
 f - 13 rations


   Skills:
 + Level 4.1 Fighting
 * Level 4.8 Long Blades
 * Level 9.9 Slings
 + Level 5.4 Dodging
 - Level 3.3 Spellcasting
 - Level 3.0 Hexes
 - Level 3.1 Translocations


You had 10 spell levels left.
You knew the following spells:

 Your Spells              Type           Power        Failure   Level  Hunger
a - Corona                Hex            ##.....      5%          1    None
b - Portal Projectile     Hex/Tloc       ##....       16%         3    ###....

Your spell library contained the following spells:

 Spells                   Type           Power        Failure   Level  Hunger
 Blink                    Tloc           N/A          8%          2    ##.....
 Slow                     Hex            ##......     9%          2    ##.....
 Freeze                   Ice            #...         19%         1    None
 Magic Dart               Conj           #...         19%         1    None
 Call Imp                 Summ           #.......     28%         2    ##.....
 Inner Flame              Hex/Fire       #.......     30%         3    ###....
 Conjure Flame            Conj/Fire      #.......     50%         3    ###....
 Mephitic Cloud           Conj/Pois/Air  #.......     50%         3    ###....
 Ozocubu's Armour         Chrm/Ice       #.......     50%         3    ###....
 Cause Fear               Hex            ##........   50%         4    ####...
 Leda's Liquefaction      Hex/Erth       #.........   71%         4    ####...
 Hailstorm                Conj/Ice       #.......     88%         4    ####...
 Summon Ice Beast         Ice/Summ       #.......     88%         4    ####...


Dungeon Overview and Level Annotations

Branches:
Dungeon (7/15)             Temple (1/1) D:7

Altars:
Gozag
Vehumet

Shops:
D:4 !   D:5 (


Innate Abilities, Weirdness & Mutations

You are small and have problems with some larger weapons.
You are somewhat resistant to further mutation.
You have a pair of small horns on your head.
You are partially covered in slimy green scales. (AC +2)


Message History

You are very lightly contaminated with residual magic.
Unknown command.
You hit the orc warrior.
You feel better.
The orc warrior is severely wounded.
You completely miss the orc warrior. You headbutt the orc warrior.
The orc warrior is severely wounded.
You strike the helpless orc warrior from behind!
You hit the orc warrior but do no damage.
The orc warrior is severely wounded.
The orc warrior completely misses you.
You hit the orc warrior but do no damage.
The orc warrior is severely wounded.
You barely miss the orc priest.
The orc priest is severely wounded.
You barely miss the orc priest.
The orc priest is severely wounded.
The orc priest invokes the aid of Beogh against you.
Beogh smites you!
You die...
Your body crumbles into a pile of gold.

..... ..# .... ## #..
....# # #.##..#. ..## .#
........ ...##..# ....<..#
#.....##. ##.
#....###........
#..####.#...@oo.......
#....#..##..###.......
.....#..##..##..$(....
###...#......>.........
#...#.................(
###...#.Y.............$..
##.....#...........##...(.
......###................(
..........#...........


You could see an orc warrior (wandering), an ice beast (wandering) and an orc
priest.

Vanquished Creatures
  Grinder (D:6)
  Sigmund (D:3)
  A hungry ghost (D:3)
  A water moccasin (D:7)
  An ice beast (D:5)
  4 ogres
  4 bullfrogs
  A scorpion (D:6)
  4 electric eels (D:6)
  A howler monkey (D:3)
  2 crimson imps (D:5)
  3 hounds
  5 orc priests
  2 orc wizards
  A bullfrog skeleton (D:5)
  An iguana (D:4)
  Robin (D:2)
  A worker ant zombie (D:7)
  10 adders
  A howler monkey skeleton (D:6)
  A shadow imp (D:6)
  An adder zombie (D:7)
  An adder skeleton (D:5)
  5 worms
  4 dart slugs
  9 leopard geckos
  16 orcs
  2 ball pythons
  6 giant cockroaches
  16 goblins
  7 hobgoblins
  9 jackals
  8 kobolds
  5 quokkas
  A ball python skeleton (D:5)
  6 bats
  3 frilled lizards
  A leopard gecko skeleton (D:4)
  A leopard gecko zombie (D:7)
  A quokka zombie (D:6)
  7 rats
156 creatures vanquished.

Notes
Turn   | Place    | Note
-------+----------+-------------------------------------------
     0 | D:1      | Lanoc the Halfling Arcane Marksman began the quest for the
                  | Orb.
     0 | D:1      | Reached XP level 1. HP: 12/12 MP: 2/2
   135 | D:1      | Reached skill level 1 in Fighting
   161 | D:1      | Reached XP level 2. HP: 14/18 MP: 3/3
   651 | D:1      | Reached XP level 3. HP: 23/23 MP: 5/5
  1163 | D:2      | Noticed an ogre
  1178 | D:2      | Killed an ogre
  1178 | D:2      | Reached skill level 4 in Slings
  1178 | D:2      | Reached XP level 4. HP: 29/29 MP: 5/7
  1178 | D:2      | Reached XP level 5. HP: 34/34 MP: 5/8
  1187 | D:2      | Noticed Robin
  1383 | D:2      | Killed Robin
  1473 | D:2      | Reached skill level 5 in Slings
  1499 | D:2      | Learned a level 3 spell: Portal Projectile
  1666 | D:2      | Found a faded altar of an unknown god.
  1692 | D:2      | Became a worshipper of Gozag Ym Sagoz the Greedy
  2269 | D:3      | Reached XP level 6. HP: 24/39 MP: 9/9
  2491 | D:3      | Reached skill level 1 in Translocations
  2533 | D:3      | Noticed a hungry ghost
  2550 | D:3      | Killed a hungry ghost
  2660 | D:3      | Reached XP level 7. HP: 45/45 MP: 11/11
  3117 | D:3      | Noticed Sigmund
  3127 | D:3      | Killed Sigmund
  3127 | D:3      | Reached skill level 6 in Slings
  3481 | D:3      | HP: 2/45 [orc priest/divine providence (12)]
  3483 | D:3      | Gained mutation: You are partially covered in slimy green
                  | scales. (AC +2) [potion of mutation]
  3483 | D:3      | Gained mutation: You have a pair of small horns on your
                  | head. [potion of mutation]
  3729 | D:4      | Found Nicistan's Distillery.
  3944 | D:4      | Reached XP level 8. HP: 51/51 MP: 12/12
  4206 | D:4      | Got a shimmering falchion
  4207 | D:4      | Identified the +7 falchion of Dithmenos's Whim {vamp, rF+
                  | Int+4} (You found it on level 4 of the Dungeon)
  4265 | D:4      | Reached skill level 1 in Long Blades
  4265 | D:4      | Reached skill level 7 in Slings
  4487 | D:5      | Entered Level 5 of the Dungeon
  4838 | D:5      | Reached skill level 8 in Slings
  5005 | D:5      | Found Fizo's Weapon Boutique.
  5270 | D:6      | Reached XP level 9. HP: 39/57 MP: 14/14
  5426 | D:6      | Got a twisted robe
  5437 | D:6      | Identified the +2 robe "Buepp" {rPois rF+++ rN+ Str-5} (You
                  | found it on level 6 of the Dungeon)
  5467 | D:6      | Noticed Grinder
  5485 | D:6      | Paralysed by Grinder for 7 turns
  5501 | D:6      | Killed Grinder
  5501 | D:6      | Reached skill level 9 in Slings
  5501 | D:6      | Reached skill level 5 in Dodging
  6007 | D:6      | Found a radiant altar of Vehumet.
  6328 | D:7      | Found a staircase to the Ecumenical Temple.
  6410 | Temple   | Entered the Ecumenical Temple
  6569 | D:7      | Killed from afar by an orc priest

Levels and vault maps discovered:
D:1:      lightli_arrival_farm, layout_basic, fountainhead, minivault_5,
          serial_park_tiny_pond
D:2:      layout_basic, chequers_ecumenical_altar_island, uniq_robin
D:3:      layout_basic, uniq_sigmund
D:4:      layout_loops_cross, serial_shops, nicolae_shop_stone
D:5:      layout_loops_ring, first_ration, serial_shops, shop
D:6:      layout_loops_cross, nicolae_overflow_hidden_temple,
          serial_bayou_lagoon_a, hangedman_abyss_or_decor_stagger,
          water_boxes_lemuel, uniq_grinder
D:7:      layout_cave_pools, minmay_temple_entry_proselytizer
Temple:   dpeg_five_rooms_temple

Skill      XL: |  1  2  3  4  5  6  7  8  9 |
---------------+----------------------------+-----
Fighting       | 1 2 3 4 |  4.1
Slings         | 4 5 6 8 9 |  9.9
Spellcasting   | 2 3 |  3.3
Dodging        | 3 4 5 |  5.4
Translocations | 1 3 |  3.1
Hexes          | 3 |  3.0
Long Blades    | 3 4 |  4.8

Action                   |  1- 3 |  4- 6 |  7- 9 || total
-------------------------+-------+-------+-------++-------
Melee: Dagger            |    44 |    78 |    10 ||   132
       Falchion          |       |       |   109 ||   109
       Headbutt          |       |       |    30 ||    30
 Fire: Hunting sling     |    40 |   156 |   413 ||   609
Invok: Potion Petition   |       |       |     1 ||     1
  Use: Potion            |       |       |    10 ||    10
       Scroll            |       |       |    10 ||    10
 Stab: Sleeping          |     1 |       |       ||     1
       Distracted        |       |       |     1 ||     1
       Invisible         |       |       |     1 ||     1
  Eat: Chunk             |       |     2 |       ||     2
       Ration            |       |     2 |     3 ||     5
Armor: Robe              |     5 |    13 |    46 ||    64
Dodge: Dodged            |    45 |    97 |   151 ||   293
       Rpst.: Falchion   |       |       |    18 ||    18

Table legend:
 A = Non-vault XP
 B = Vault XP
 C = Vault XP percentage of total XP
 D = Non-vault monster count
 E = Vault monster count
 F = Vault count percentage of total count
                 A         B        C        D         E       F
            +---------+---------+-------+---------+---------+-------
      Total |    2595 |     557 |  17.7 |     142 |      14 |   9.0
            +---------+---------+-------+---------+---------+-------
        D:1 |      38 |       7 |  15.6 |      21 |       4 |  16.0
        D:2 |     195 |      28 |  12.6 |      23 |       7 |  23.3
        D:3 |     477 |     227 |  32.2 |      29 |       1 |   3.3
        D:4 |     311 |       0 |   0.0 |      18 |       0 |   0.0
        D:5 |     610 |       0 |   0.0 |      21 |       0 |   0.0
        D:6 |     465 |     254 |  35.3 |      12 |       1 |   7.7
        D:7 |     499 |      41 |   7.6 |      18 |       1 |   5.3
            +---------+---------+-------+---------+---------+-------
